 Dungeon Crawl Stone Soup version 0.31-a0-222-gefeffbb62a (webtiles) character file.

Game seed: 15969401912490808959

168 gruber the Poker (level 5, -13/45 HPs)
             Began as a Minotaur Fighter on July 5, 2023.
             Mangled by an ogre
             ... wielding a +0 giant club
              (17 damage)
             ... on level 4 of the Dungeon.
             The game lasted 00:01:57 (2457 turns).

gruber the Poker (Minotaur Fighter)                 Turns: 2457, Time: 00:01:58

Health: -13/45     AC:  8    Str: 23    XL:     5   Next: 23%
Magic:  4/4        EV:  9    Int:  5    God:
Gold:   230        SH:  4    Dex:  9    Spells: 4/4 levels left

rFire   . . .        a - +0 trident
rCold   . . .        c - +0 buckler
rNeg    . . .        b - +0 scale mail
rPois   .            (helmet restricted)
rElec   .            (no cloak)
rCorr   .            (no gloves)
SInv    .            m - +0 pair of boots
Will    .....        (no amulet) Stlth
                     (no ring)
HPRegen 0.27/turn    (no ring)
MPRegen 0.09/turn

%: no passive effects
@: no status effects
A: horns 2, retaliatory headbutt
a: no special abilities


You were on level 4 of the Dungeon.
You visited 1 branch of the dungeon, and saw 4 of its levels.

You collected 230 gold pieces.

Inventory:

Hand Weapons
 a - a +0 trident (weapon)
Armour
 b - a +0 scale mail (worn)
 c - a +0 buckler (worn)
 m - a +0 pair of boots (worn)
Jewellery
 i - a ring of ice
 s - an amulet of regeneration
Wands
 k - a wand of mindburst (9)
Scrolls
 f - 6 scrolls of identify {unknown}
 j - 2 scrolls of noise {unknown}
 l - a scroll of amnesia {unknown}
 n - a scroll of fog {unknown}
 p - a scroll of brand weapon {unknown}
 q - 2 scrolls of immolation {unknown}
 t - a scroll of fear {unknown}
 v - a scroll of enchant weapon {unknown}
 w - a scroll of teleportation {unknown}
Potions
 d - 2 potions of might
 e - 7 potions of curing {unknown}
 g - 2 potions of attraction {unknown}
 h - 2 potions of lignification {unknown}
 r - 2 potions of magic {unknown}
 u - a potion of experience {unknown}


   Skills:
 - Level 3.6 Fighting
 + Level 6.7 Polearms
 - Level 3.6 Armour
 - Level 3.6 Shields


You had 4 spell levels left.
You didn't know any spells.
Your spell library contained the following spells:

 Spells                   Type           Power      Damage    Failure   Level
 Gell's Gravitas          Tloc           0%         N/A       99%         3
 Teleport Other           Tloc           0%         N/A       99%         3
 Dispersal                Tloc           0%         N/A       100%        6


Dungeon Overview and Level Annotations

Branches:
Dungeon (4/15)
 Temple: D:4-7

Altars:
Elyvilon
Uskayaw


Innate Abilities, Weirdness & Mutations

You have a pair of horns on your head.
You reflexively headbutt those who attack you in melee.


Message History

You throw a poisoned dart.
The poisoned dart barely misses the ogre.
Unknown command.
Unknown command.
Throw: dart (poison)
Press: ? - help, Shift-Dir - straight line, f/p - ogre
Aim: an ogre, wielding a +0 giant club (71% to hit)
You throw a poisoned dart. The poisoned dart hits the ogre.
The ogre is poisoned.
Unknown command.
Unknown command.
Reach: a) +0 trident
Press: ? - help, Dir - move target, f/p - ogre
Aim: an ogre, wielding a +0 giant club (lightly wounded, poisoned, about 27% to evade your +0 trident)
You reach to attack!
You closely miss the ogre.
The ogre is lightly wounded.
Unknown command.
Unknown command.
Reach: a) +0 trident
Press: ? - help, Dir - move target, f/p - ogre
Aim: an ogre, wielding a +0 giant club (lightly wounded, poisoned, about 27% to evade your +0 trident)
You barely miss the ogre. Your headbutt misses the ogre.
The ogre is lightly wounded.
The ogre hits you with a +0 giant club!!
Ouch! That really hurt!
* * * LOW HITPOINT WARNING * * *
Unknown command.
Reach: a) +0 trident
Press: ? - help, Dir - move target, f/p - ogre
Aim: an ogre, wielding a +0 giant club (lightly wounded, poisoned, about 27% to evade your +0 trident)
You hit the ogre. You headbutt the ogre.
The ogre is lightly wounded.
Unknown command.
Reach: a) +0 trident
Press: ? - help, Dir - move target, f/p - ogre
Aim: an ogre, wielding a +0 giant club (moderately wounded, poisoned, about 27% to evade your +0 trident)
You hit the ogre. You headbutt the ogre!
The ogre is almost dead.
The ogre hits you with a +0 giant club!
You die...

#...# #.....#
#.#.##.(.#####.....#
............########
#.#.###....##
#.###..#..#
#....(.##....
#####.#######
#..O......#
#..@.....(#
#.........#
#.........#
#.......!.#
#.........#
###+#######


You could see an ogre (poisoned).

Vanquished Creatures
  Jessica (D:2)
  An iguana (D:4)
  4 adders
  3 dart slugs
  6 orcs (D:3)
  5 bats
  3 endoplasms
  4 giant cockroaches
  8 goblins
  8 hobgoblins
  4 jackals (D:1)
  2 kobolds
  2 quokkas
  8 ball pythons
  A frilled lizard (D:1)
  6 rats
66 creatures vanquished.

Notes
Turn   | Place    | Note
-------+----------+-------------------------------------------
     0 | D:1      | gruber the Minotaur Fighter began the quest for the Orb.
     0 | D:1      | Reached XP level 1. HP: 19/19 MP: 0/0
    64 | D:1      | Reached skill level 3 in Polearms
    79 | D:1      | Reached XP level 2. HP: 26/26 MP: 1/1
   206 | D:1      | Reached skill level 4 in Polearms
   282 | D:1      | Reached XP level 3. HP: 31/31 MP: 2/2
   995 | D:2      | Noticed Jessica
  1000 | D:2      | Killed Jessica
  1001 | D:2      | Reached skill level 5 in Polearms
  1001 | D:2      | Reached XP level 4. HP: 39/39 MP: 3/3
  1613 | D:3      | Reached skill level 6 in Polearms
  1720 | D:3      | Found a hide-covered altar of Uskayaw.
  1831 | D:3      | Found a white marble altar of Elyvilon.
  2160 | D:3      | Found a faded altar of an unknown god.
  2440 | D:4      | Reached XP level 5. HP: 34/45 MP: 4/4
  2448 | D:4      | Noticed an ogre
  2457 | D:4      | Mangled by an ogre

Illustrated notes

Levels and vault maps discovered:
D:1:      evilmike_arrival_crescent, layout_basic, minmay_misc_feat_tiny
D:2:      layout_loops_corners, uniq_jessica
D:3:      layout_basic, mainiacjoe_overflow_catch_the_wave,
          shapermc_ecumenical_altar_flowoftime
D:4:      layout_basic, lemuel_coloured_pillars_altar, gup_sewer_entry_bowl

Skill      XL: |  1  2  3  4 |
---------------+-------------+-----
Polearms       | 3 4 5 6 |  6.7
Fighting       | |  3.6
Armour         | |  3.6
Shields        | |  3.6

Action                     |  1- 3 |  4- 6 || total
---------------------------+-------+-------++-------
  Melee: Trident           |    80 |    89 ||   169
         Headbutt          |    11 |    15 ||    26
  Throw: Dart              |       |     2 ||     2
 Armour: Scale mail        |    34 |    19 ||    53
  Dodge: Dodged            |    22 |    21 ||    43
  Block: Buckler           |     5 |     9 ||    14

Table legend: (Time is in decaauts)
 A = Elapsed time spent in this place.
 B = Non-inter-level travel time spent in this place.
 C = Inter-level travel time spent in this place.
 D = Time resting spent in this place.
 E = Time spent auto-exploring this place.
 F = Levels seen in this place.
 G = Mean time per level.
                   A        B        C        D        E       F      G
               +--------+--------+--------+--------+--------+-----+--------+
         Total |   2471 |   2312 |    159 |      0 |   1956 |   4 |  617.8 |
       Dungeon |   2471 |   2312 |    159 |      0 |   1956 |   4 |  617.8 |
               +--------+--------+--------+--------+--------+-----+--------+

Top non-repeatable levels by time:
     D:2: 938 daAuts
     D:3: 733 daAuts
     D:1: 669 daAuts
     D:4: 129 daAuts
